 Dungeon Crawl Stone Soup version 0.28-a0-1117-g0bdd5ba030 (webtiles) character file.

Game seed: 12743937754805263202

16725 Iscandelvey the Destroyer (level 12, -7/74 HPs)
             Began as a Demonspawn Conjurer on Dec 11, 2021.
             Was an Elder of Vehumet.
             Mangled by a black mamba (10 damage)
             ... on level 2 of the Lair of Beasts.
             The game lasted 01:18:46 (15845 turns).

Iscandelvey the Destroyer (Demonspawn Conjurer)    Turns: 15845, Time: 01:18:46

Health: -7/74      AC: 13    Str:  7    XL:     12   Next: 12%
Magic:  0/33       EV: 13    Int: 24    God:    Vehumet [****..]
Gold:   834        SH:  0    Dex: 13    Spells: 2/27 levels left

rFire   . . .      SeeInvis .   l - +7 rapier of Subjectivity {drain, rCorr}
rCold   . . .      Faith    .   (no shield)
rNeg    . . .      Spirit   +   U - +0 acid dragon scales
rPois   .          Reflect  .   m - +0 helmet
rElec   .          Harm     .   (no cloak)
rCorr   +          Rampage  .   C - +0 pair of gloves
Will    .....                   H - +0 pair of boots
Stlth   +++.......              y - amulet of regeneration
HPRegen 1.02/turn               g - ring of magical power
MPRegen 0.46/turn               M - ring of flight

@: lethally poisoned (-7 -> -29), marked, flying, very slightly contaminated
A: claws 1, ignite blood 1, magic shield, magic regeneration, magic link, sharp
scales 1
a: Renounce Religion


You were on level 2 of the Lair of Beasts.
You worshipped Vehumet.
Vehumet was greatly pleased with you.
You visited 3 branches of the dungeon, and saw 15 of its levels.

You collected 1043 gold pieces.
You spent 209 gold pieces at shops.

Inventory:

Hand Weapons
 c - a +0 spear
 l - the +7 rapier of Subjectivity (weapon) {drain, rCorr}
   (You found it on level 11 of the Dungeon)

   A truly terrible weapon, it drains the life of any living foe it strikes.
   rCorr:     It protects you from acid and corrosion.
 t - a +3 dagger
 N - the +5 falchion of Compound Interest {speed, rElec rC+ Dex-2 Stlth+}
   (You found it on level 1 of the Lair of Beasts)

   Attacks with this weapon are significantly faster.
   Dex:       It affects your dexterity (-2).
   rC:        It protects you from cold.
   rElec:     It insulates you from electricity.
   Stlth:     It makes you more stealthy.
 P - the +4 war axe "Jerphaso" {antimagic, rC++}
   (You found it on level 10 of the Dungeon)

   It reduces the magical energy of the wielder, and disrupts the spells and
   magical abilities of those it strikes.
   Natural abilities and divine invocations are not affected.
   rC:        It greatly protects you from cold.
Missiles
 n - 30 poisoned darts (quivered)
 o - 3 throwing nets
Armour
 d - a +4 scale mail of fire resistance
 m - a +0 helmet (worn)
 C - a +0 pair of gloves (worn)
 H - a +0 pair of boots (worn)
 K - the +2 robe "Trusted Companion" {rF- rC+ Regen+ Str+5}
   (You bought it in a shop on level 4 of the Dungeon)

   Str:       It affects your strength (+5).
   rF:        It makes you vulnerable to fire.
   rC:        It protects you from cold.
   Regen:     It increases your rate of health regeneration.
 T - a +0 buckler
 U - +0 acid dragon scales (worn)
Jewellery
 b - an amulet of guardian spirit
 g - a ring of magical power (left hand)
 y - an amulet of regeneration (around neck)
 M - a ring of flight (right hand)
Wands
 B - a wand of digging (3)
 D - a wand of iceblast (5)
 G - a wand of polymorph (6)
 I - a wand of flame (1)
 J - a wand of acid (6)
Scrolls
 a - a scroll of magic mapping {unknown}
 e - 6 scrolls of immolation
 f - a scroll of blinking {unknown}
 i - 2 scrolls of summoning {unknown}
 k - 2 scrolls of enchant armour {unknown}
 u - 2 scrolls of fear {unknown}
 v - 2 scrolls of noise
 w - a scroll of enchant weapon {unknown}
 x - 3 scrolls of amnesia {unknown}
 z - a scroll of fog {unknown}
 A - 5 scrolls of identify
 L - a scroll of acquirement {unknown}
 O - a scroll of vulnerability {unknown}
Potions
 h - 2 potions of heal wounds
 j - 3 potions of degeneration
 p - 2 potions of might {unknown}
 q - 3 potions of ambrosia
 r - 3 potions of curing
 s - 3 potions of attraction {unknown}
 E - a potion of mutation {unknown}
 F - 3 potions of flight {unknown}
 Q - 2 potions of haste {unknown}
Miscellaneous
 R - a box of beasts


   Skills:
 - Level 4.0 Throwing
 + Level 8.3 Armour
 + Level 6.6 Dodging
 + Level 7.2 Stealth
 + Level 3.4 Shields
 * Level 8.3 Spellcasting
 * Level 10.0 Conjurations
 + Level 4.9 Evocations


You had 2 spell levels left.
You knew the following spells:

 Your Spells              Type           Power      Damage    Failure   Level
a - Magic Dart            Conj           100%       1d8       1%          1
b - Searing Ray           Conj           100%       2d8       1%          2
c - Dazzling Flash        Conj/Hex       68%        N/A       1%          3
d - Stone Arrow           Conj/Erth      68%        3d11      1%          3
e - Passwall              Tmut/Erth      8%         N/A       16%         2
f - Swiftness             Air            10%        N/A       30%         3
g - Conjure Flame         Conj/Fire      34%        6-21      1%          3
h - Fulminant Prism       Conj/Hex       17%        3d11      3%          4
i - Olgreb's Toxic Radia  Pois           10%        N/A       26%         4

Your spell library contained the following spells:

 Spells                   Type           Power      Damage    Failure   Level
 Sandblast                Erth           20%        2d7       3%          1
 Sublimation of Blood     Necr           10%        N/A       16%         2
 Iskenderun's Mystic Bla  Conj/Tloc      34%        2d8       3%          4
 Irradiate                Conj/Tmut      17%        3d19      11%         5
 Animate Armour           Summ/Erth      20%        N/A       71%         4
 Petrify                  Tmut/Erth      10%        N/A       71%         4
 Lehudib's Crystal Spear  Conj/Erth      17%        10d5      100%        8


Dungeon Overview and Level Annotations

Branches:
Dungeon (12/15)            Temple (0/1) D:6            Lair (2/6) D:11
    Orc (1/2) D:12
  Swamp: Lair:2-4    Shoals: Lair:2-4     Snake: Lair:2-4    Spider: Lair:2-4

Altars:
Ashenzari
Cheibriados
Hepliaklqana
Makhleb
Ru
Sif Muna
Trog
Uskayaw
Vehumet
Xom
Yredelemnul
Zin
The Shining One

Shops:
D:4 [[?*   D:6 (   D:10 [

Annotations:
D:9 Erolcha
Lair:1 exclusion: oklob plant


Innate Abilities, Weirdness & Mutations

You have sharp fingernails.
Your demonic aura sometimes causes spilled blood to erupt in flames.
When hurt, damage is shared between your health and your magic reserves.
You regenerate magic rapidly.
When low on magic, you restore magic in place of health.
You are partially covered in razor-sharp scales. (AC +1, Slay +1)


Message History

The black mamba bites you!
You are poisoned.
The black mamba poisons you!
You feel very sick. The black mamba barely misses you.
You feel very sick. The black mamba barely misses you.
You feel very sick.
You feel sick. The black mamba misses you. The black mamba barely misses you.
You feel sick. The black mamba bites you.
You are more poisoned.
The black mamba poisons you! The black mamba bites you!
* * * LOW HITPOINT WARNING * * *
You feel extremely sick. The black mamba bites you.
* * * LOW HITPOINT WARNING * * *
You are more poisoned.
The black mamba poisons you!
You feel better.
The black mamba is engulfed in blazing flames.
The black mamba bites you but does no damage.
The black mamba bites you!
* * * LOW HITPOINT WARNING * * *
You are poisoned.
The black mamba poisons you!
The black mamba is engulfed in blazing flames.
The black mamba misses you. The black mamba bites you!
* * * LOW HITPOINT WARNING * * *
You are more poisoned.
The black mamba poisons you!
You feel much better.
* * * LOW HITPOINT WARNING * * *
You feel extremely sick.
The black mamba bites you but does no damage. x2
The black mamba bites you!
* * * LOW HITPOINT WARNING * * *
The black mamba bites you!
* * * LOW HITPOINT WARNING * * *
The black mamba bites you!
You die...

#...<..........#
#...............##
...................##
.....................#
#.#######............#
. #.............#
##............#
##○S........##
#@SS.......#
##SS......##
#S......## #......#.#
##FP#.##### #..####
#..# #.## ##F##


You could see 6 black mambas and a bullfrog.

Vanquished Creatures
  Harold (D:11)
  A hydra (D:11)
  Erica (Lair:1)
  Nergalle (D:12)
  2 cyclopes
  A black mamba (Lair:2)
  A gargoyle (D:11)
  Psyche (D:12)
  4 cane toads (Lair:1)
  5 komodo dragons (Lair:1)
  A tengu conjurer (D:11)
  4 trolls
  A hornet (D:11)
  3 shadows
  4 wyverns
  2 wraiths
  9 yaks
  A steam dragon (D:10)
  6 wargs
  5 water moccasins (Lair:1)
  2 acid dragons
  10 orc warriors
  2 black bears (D:8)
  2 ogres
  A necrophage (D:5)
  4 wolves (Lair:1)
  7 centaurs
  2 wyvern zombies (D:8)
  7 bullfrogs
  A water moccasin zombie (D:6)
  2 scorpions
  4 howler monkeys
  3 wights (D:8)
  A lava snake (D:8)
  2 gnoll shamans
  3 centaur zombies
  3 hounds
  A jelly (D:5)
  11 orc priests
  4 iguanas
  14 orc wizards
  A howler monkey zombie (D:9)
  Robin (D:4)
  9 gnolls
  A howler monkey skeleton (D:7)
  An adder (D:4)
  4 white imps
  4 worms
  45 orcs
  8 endoplasms
  6 giant cockroaches
  10 hobgoblins
  4 jackals
  4 quokkas
  7 ball pythons
  5 bats
  2 frilled lizards (D:2)
  23 goblins
  5 kobolds
  6 rats
286 creatures vanquished.

Vanquished Creatures (others)
  An orc wizard (Orc:1)
  2 fulminant prisms
  4 fungi
  5 plants
12 creatures vanquished.

Grand Total: 298 creatures vanquished

Notes
Turn   | Place    | Note
-------+----------+-------------------------------------------
     0 | D:1      | Iscandelvey the Demonspawn Conjurer began the quest for the
                  | Orb.
     0 | D:1      | Reached XP level 1. HP: 13/13 MP: 3/3
    99 | D:1      | Gained mutation: You regenerate magic rapidly. [demonic
                  | ancestry]
    99 | D:1      | Reached XP level 2. HP: 19/19 MP: 0/5
   455 | D:1      | Found a faded altar of an unknown god.
   836 | D:1      | Learned a level 2 spell: Searing Ray
   937 | D:1      | Gained mutation: When hurt, damage is shared between your
                  | health and your magic reserves. [demonic ancestry]
   937 | D:1      | Reached XP level 3. HP: 23/24 MP: 6/6
  1762 | D:2      | Reached skill level 1 in Armour
  2236 | D:2      | Gained mutation: You have sharp fingernails. [demonic
                  | ancestry]
  2236 | D:2      | Reached XP level 4. HP: 15/30 MP: 7/7
  2673 | D:3      | Reached skill level 1 in Throwing
  2673 | D:3      | Reached XP level 5. HP: 33/35 MP: 8/8
  2729 | D:3      | Reached skill level 5 in Conjurations
  2859 | D:3      | Found a bloodstained altar of Trog.
  2883 | D:3      | Found a shimmering altar of Xom.
  2980 | D:3      | Found a broken altar of Ashenzari.
  2980 | D:3      | Found a hide-covered altar of Uskayaw.
  2988 | D:3      | Found a shimmering blue altar of Sif Muna.
  2990 | D:3      | Found a hazy altar of Hepliaklqana.
  2992 | D:3      | Found a radiant altar of Vehumet.
  2996 | D:3      | Became a worshipper of Vehumet
  3136 | D:3      | You fall into a shaft and drop 1 floor!
  3192 | D:4      | Found Ismymal's General Store.
  3309 | D:3      | Found a sacrificial altar of Ru.
  3617 | D:4      | Found Xulyph's Armour Shop.
  3627 | D:4      | Reached * piety under Vehumet
  3627 | D:4      | Offered knowledge of Foxfire by Vehumet.
  3628 | D:4      | Reached XP level 6. HP: 30/41 MP: 7/10
  3754 | D:4      | Found a burning altar of Makhleb.
  3782 | D:4      | Found Yroxt's Antique Armour Emporium.
  4003 | D:4      | Found Ficzumm's Magic Scroll Boutique.
  4013 | D:4      | Bought a scroll of identify for 26 gold pieces
  4013 | D:4      | Bought a scroll of teleportation for 39 gold pieces
  4013 | D:4      | Bought a scroll of noise for 13 gold pieces
  4313 | D:4      | Noticed Robin
  4333 | D:4      | Killed Robin
  4468 | D:5      | Entered Level 5 of the Dungeon
  4730 | D:5      | Reached XP level 7. HP: 12/46 MP: 2/11
  5394 | D:5      | Reached ** piety under Vehumet
  5538 | D:5      | Offered knowledge of Freeze by Vehumet.
  5745 | D:6      | Noticed a wraith
  5754 | D:6      | Killed a wraith
  6114 | D:6      | Gained mutation: You are partially covered in razor-sharp
                  | scales. (AC +1, Slay +1) [demonic ancestry]
  6114 | D:6      | Reached XP level 8. HP: 52/52 MP: 13/13
  6135 | D:6      | Found a staircase to the Ecumenical Temple.
  6224 | D:6      | Found Dycloretz's Weapon Emporium.
  6383 | D:6      | Noticed a troll
  6390 | D:6      | Killed a troll
  6391 | D:6      | Reached skill level 6 in Conjurations
  7102 | D:7      | Noticed a seven-headed hydra
  7485 | D:7      | Reached skill level 5 in Armour
  7544 | D:7      | Found a snail-covered altar of Cheibriados.
  8845 | D:8      | Reached XP level 9. HP: 57/57 MP: 15/15
  9517 | D:8      | Reached skill level 5 in Stealth
  9978 | D:8      | Found a basalt altar of Yredelemnul.
 10528 | D:4      | Bought a heavily jewelled robe for 131 gold pieces
 10528 | D:4      | Identified the +2 robe "Trusted Companion" {rF- rC+ Regen+
                  | Str+5} (You bought it in a shop on level 4 of the Dungeon)
 10544 | D:4      | Learned a level 3 spell: Dazzling Flash
 10548 | D:4      | Learned a level 3 spell: Stone Arrow
 10551 | D:4      | Learned a level 2 spell: Passwall
 10555 | D:4      | Learned a level 3 spell: Swiftness
 10857 | D:9      | Offered knowledge of Conjure Flame by Vehumet.
 10858 | D:9      | Reached skill level 5 in Spellcasting
 10866 | D:9      | Reached skill level 7 in Conjurations
 10866 | D:9      | Reached skill level 1 in Evocations
 10872 | D:9      | Learned a level 3 spell: Conjure Flame
 11164 | D:9      | Noticed Erolcha
 11174 | D:10     | Entered Level 10 of the Dungeon
 11276 | D:10     | Found Ugyater's Armour Shoppe.
 11533 | D:10     | Reached skill level 5 in Dodging
 11540 | D:10     | Reached XP level 10. HP: 55/63 MP: 18/18
 11542 | D:10     | Reached *** piety under Vehumet
 11903 | D:10     | Identified the +4 war axe "Jerphaso" {antimagic, rC++}
 12210 | D:11     | Noticed a cyclops
 12322 | D:11     | Noticed a gargoyle
 12329 | D:11     | Killed a gargoyle
 12384 | D:11     | Found a staircase to the Lair.
 12474 | D:11     | Reached skill level 8 in Conjurations
 12853 | D:11     | Learned a level 4 spell: Fulminant Prism
 13016 | D:11     | Killed a cyclops
 13017 | D:11     | Reached skill level 1 in Shields
 13081 | D:11     | Identified the +7 rapier of Subjectivity {drain, rCorr}
 13126 | D:11     | Noticed Harold
 13139 | D:11     | Killed Harold
 13241 | D:11     | Gained mutation: Your demonic aura sometimes causes spilled
                  | blood to erupt in flames. [demonic ancestry]
 13241 | D:11     | Reached XP level 11. HP: 68/68 MP: 21/21
 13484 | D:11     | Noticed a seven-headed hydra
 13490 | D:11     | Killed a seven-headed hydra
 13667 | D:12     | Offered knowledge of Ignite Poison by Vehumet.
 13689 | D:12     | Found a staircase to the Orcish Mines.
 13800 | D:12     | Noticed Psyche
 13805 | D:12     | Killed Psyche
 14027 | Orc:1    | Entered Level 1 of the Orcish Mines
 14034 | Orc:1    | Reached skill level 9 in Conjurations
 14105 | Orc:1    | Reached **** piety under Vehumet
 14276 | Orc:1    | Offered knowledge of Olgreb's Toxic Radiance by Vehumet.
 14389 | Orc:1    | Noticed Nergalle
 14480 | D:12     | Killed Nergalle
 14876 | Lair:1   | Entered Level 1 of the Lair of Beasts
 14877 | Lair:1   | You are sucked into a shaft and drop 1 floor!
 15024 | Lair:1   | Noticed an oklob plant
 15044 | Lair:1   | Noticed Erica
 15066 | Lair:1   | Killed Erica
 15161 | Lair:1   | Learned a level 4 spell: Olgreb's Toxic Radiance
 15221 | Lair:1   | Identified the +5 falchion of Compound Interest {speed,
                  | rElec rC+ Dex-2 Stlth+}
 15491 | Lair:1   | Gained mutation: When low on magic, you restore magic in
                  | place of health. [demonic ancestry]
 15491 | Lair:1   | Reached XP level 12. HP: 74/74 MP: 24/24
 15566 | Lair:1   | Reached skill level 10 in Conjurations
 15845 | Lair:2   | HP: 3/74 [black mamba (10)]
 15845 | Lair:2   | Mangled by a black mamba

Illustrated notes

Levels and vault maps discovered:
D:1:      nagdon_arrival_double_spiral, layout_loops_ring,
          hellmonk_ecumenical_altar_blasted, minmay_indecisive_spiral
D:2:      layout_loops_cross
D:3:      minmay_chambers_of_threes, layout_rooms,
          chequers_temple_overflow_minitemple,
          mainiacjoe_overflow_surrounded_room,
          mainiacjoe_overflow_large_starburst, hangedman_decor_push,
          chequers_serial_rivers_large_a
D:4:      layout_loops_cross, bloody_makhleb, serial_shops, shop,
          nicolae_shop_advertising_works [nicolae_subvault_shop_adworks],
          nicolae_lakefront_shop, shop, uniq_robin
D:5:      layout_gridville
D:6:      layout_basic, nicolae_tso_carved_into_rock,
          minmay_temple_entry_antechambers, minmay_shop_grid_forest,
          lemuel_flamethrower_2
D:7:      layout_loops_ring, nicolae_overflow_squiral
D:8:      layout_basic, nicolae_overflow_crystal_walls,
          kennysheep_generic_room_5
D:9:      layout_basic, uniq_erolcha
D:10:     nicolae_cairo_tiling_very_big, layout_basic, serial_shops,
          nicolae_square_shop
D:11:     layout_long_grid, erik_lair_orcish_takeover, uniq_harold
D:12:     gammafunk_boulding_lane, layout_loops_corners, david_orc_3, drop_trap,
          serial_bayou_lagoon_a, minmay_fire_ice_demons, uniq_psyche, uniq_kirke
Lair:1:   minmay_lair_oklob_chamber, layout_regular_city, serial_rivers,
          chequers_serial_rivers_marsh, chequers_serial_rivers_small_a,
          chequers_serial_rivers_room_b, chequers_serial_rivers_small_3,
          chequers_serial_rivers_marsh, uniq_erica
Lair:2:   layout_cave_pods, minmay_snake_entry_six_corridors,
          serial_bayou_shore_b, infiniplex_staircase_pool_2
Orc:1:    cheibrodos_orc_guarddog, layout_caves, uniq_nergalle

Skill      XL: |  1  2  3  4  5  6  7  8  9 10 11 12 |
---------------+-------------------------------------+-----
Stealth        | 2 3 4 5 6 7 |  7.2
Armour         | 1 2 3 4 5 6 7 8 |  8.3
Dodging        | 2 3 4 5 6 |  6.6
Throwing       | 1 2 3 4 |  4.0
Conjurations   | 5 6 7 8 9 10 | 10.0
Spellcasting   | 3 4 5 6 8 |  8.3
Evocations     | 1 3 4 |  4.9
Shields        | 1 3 |  3.4

Action                   |  1- 3 |  4- 6 |  7- 9 | 10-12 || total
-------------------------+-------+-------+-------+-------++-------
Melee: Spear             |   141 |    93 |       |       ||   234
       Dagger            |       |    45 |   210 |    15 ||   270
       Morningstar       |       |       |    16 |       ||    16
       Rapier            |       |       |       |   227 ||   227
Throw: Dart              |       |       |       |     2 ||     2
 Cast: Magic Dart        |    43 |    62 |    71 |     5 ||   181
       Searing Ray       |       |    20 |    48 |     6 ||    74
       Stone Arrow       |       |       |     6 |   113 ||   119
       Dazzling Flash    |       |       |       |    17 ||    17
       Conjure Flame     |       |       |       |     6 ||     6
       Olgreb's Toxic Ra |       |       |       |     2 ||     2
       Fulminant Prism   |       |       |       |     2 ||     2
Evoke: Wand              |       |       |     3 |       ||     3
  Use: Scroll            |       |     4 |     2 |       ||     6
       Potion            |       |       |       |     6 ||     6
 Stab: Sleeping          |       |       |     1 |     4 ||     5
       Invisible         |       |       |       |     1 ||     1
Armor: Scale mail        |    82 |   112 |   224 |       ||   418
       Robe              |    10 |       |    12 |    12 ||    34
       Acid dragon scale |       |       |       |   176 ||   176
Dodge: Dodged            |    58 |    61 |   159 |   267 ||   545

Table legend: (Time is in decaauts)
 A = Elapsed time spent in this place.
 B = Non-inter-level travel time spent in this place.
 C = Inter-level travel time spent in this place.
 D = Time resting spent in this place.
 E = Time spent auto-exploring this place.
 F = Levels seen in this place.
 G = Mean time per level.
                   A        B        C        D        E       F      G
               +--------+--------+--------+--------+--------+-----+--------+
         Total |  15972 |  15270 |    702 |   3301 |   8096 |  15 | 1064.8 |
       Dungeon |  14258 |  13609 |    649 |   3194 |   7228 |  12 | 1188.2 |
          Lair |   1004 |    981 |     23 |     92 |    518 |   2 |  502.0 |
  Orcish Mines |    709 |    679 |     30 |     15 |    350 |   1 |  709.0 |
               +--------+--------+--------+--------+--------+-----+--------+

Top non-repeatable levels by time:
     D:6: 1766 daAuts
     D:8: 1682 daAuts
     D:7: 1394 daAuts
     D:2: 1378 daAuts
     D:5: 1369 daAuts
    D:11: 1333 daAuts
     D:1: 1181 daAuts
    D:10: 1147 daAuts
     D:4: 1089 daAuts
     D:3: 989 daAuts
  Lair:1: 937 daAuts
   Orc:1: 709 daAuts
    D:12: 547 daAuts
     D:9: 378 daAuts
  Lair:2: 67 daAuts
